 Dungeon Crawl Stone Soup version 0.31.0-12-g77e489cdc1 (webtiles) character file.

Game seed: 736371204610607799

100 Dalarin the Sneak (level 4, 0/22 HPs)
             Began as a Spriggan Enchanter on Feb 19, 2024.
             Killed from afar by a steam dragon (22 damage)
             ... with a ball of steam
             ... on level 4 of the Dungeon.
             The game lasted 00:16:53 (2229 turns).

Dalarin the Sneak (Spriggan Enchanter)              Turns: 2229, Time: 00:16:54

Health: 0/22       AC:  5    Str:  4 (6)  XL:     4   Next: 46%
Magic:  14/19      EV: 17    Int: 16      God:
Gold:   147        SH:  0    Dex: 13 (15) Spells: 1/9 levels left

rFire   . . .        a - +1 dagger
rCold   . . .        (no shield)
rNeg    . . .        b - +1 robe
rPois   .            (helmet restricted)
rElec   +            (no cloak)
rCorr   .            (gloves unavailable)
SInv    +            (boots unavailable)
Will    .....        (no amulet)
Stlth   +++          f - ring of magical power
HPRegen 0.23/turn    (no ring)
MPRegen 0.16/turn

%: no passive effects
@: confusing by touch, very quick
A: very small, no large weapons, unfitting armour, see invisible, speed 3,
iridescent scales 1, electricity resistance
a: no special abilities


You were on level 4 of the Dungeon.
You visited 1 branch of the dungeon, and saw 4 of its levels.

You collected 147 gold pieces.

Inventory:

Hand Weapons
 a - a +1 dagger (weapon)
Missiles
 h - 5 boomerangs (quivered)
Armour
 b - a +1 robe (worn)
 g - a +0 buckler
Jewellery
 e - a ring of fire
 f - a ring of magical power (left hand)
Wands
 k - a wand of digging (8)
Scrolls
 d - 6 scrolls of identify
 j - a scroll of teleportation
Potions
 c - 2 potions of invisibility
 i - a potion of curing


   Skills:
 + Level 1.2 Fighting
 + Level 2.0 Short Blades
 + Level 3.4 Dodging
 + Level 5.2 Stealth
 + Level 3.4 Spellcasting
 + Level 4.2 Hexes


You had one spell level left.
You knew the following spells:

 Your Spells              Type           Power      Damage    Failure   Level
a - Ensorcelled Hibernat  Hex/Ice        18%        N/A       12%         2
b - Confusing Touch       Hex            16%        N/A       10%         3
c - Tukima's Dance        Hex            16%        N/A       10%         3

Your spell library contained the following spells:

 Spells                   Type           Power      Damage    Failure   Level
 Jinxbite                 Hex            32%        N/A       4%          2
 Dazzling Flash           Conj/Hex       18%        N/A       22%         3
 Yara's Violent Unravell  Hex/Alch       4%         3d4       91%         5
 Enfeeble                 Hex            8%         N/A       100%        7


Dungeon Overview and Level Annotations

Branches:
Dungeon (4/15)
 Temple: D:4-7

Altars:

Annotations:
D:4 Natasha, Robin


Innate Abilities, Weirdness & Mutations

You are very small and have problems with some larger weapons.
You are too small for most types of armour.
You have supernaturally acute eyesight. (SInv)
You cover ground extremely quickly. (Speed+++)
You are partially covered in iridescent scales. (AC +2)
You are resistant to electric shocks. (rElec)


Message History

You kill the orc!
Things that are here:
a +0 hand axe of freezing; a +0 ring mail; an orc corpse You start resting.
Magic restored.
Okay, then.
HP restored.
Found a stone staircase leading up.
Found a runed ivory wand.
You now have 138 gold pieces (gained 6).
k - a wand of digging (8)
Found 16 gold pieces.
You now have 147 gold pieces (gained 9).
A steam dragon and a kobold come into view.
The kobold is wielding a +2 short sword of speed.
The kobold moves out of view.
The steam dragon hisses angrily.
The kobold shouts!
Casting: Confusing Touch (quite dangerous; 10% risk of failure)
Confirm with . or Enter, or press ? or * to list all spells.
Aiming: Ensorcelled Hibernation (safe; 12% risk of failure)
Press: ? - help, Shift-Dir - straight line, f - steam dragon
Aim: a steam dragon (chance to affect: 43%)
Okay, then.
Casting: Ensorcelled Hibernation (safe; 12% risk of failure)
Confirm with . or Enter, or press ? or * to list all spells.
Aiming: Ensorcelled Hibernation (safe; 12% risk of failure)
Press: ? - help, Shift-Dir - straight line, f - steam dragon
Aim: a steam dragon (chance to affect: 43%)
The steam dragon looks drowsy...
The helpless steam dragon fails to defend itself.
You impale the steam dragon!!
The steam dragon is severely wounded.
The steam dragon completely misses you. The steam dragon closely misses you.
Casting: Ensorcelled Hibernation (safe; 12% risk of failure)
Confirm with . or Enter, or press ? or * to list all spells.
Your hands begin to glow red.
The steam dragon breathes steam at you. The ball of steam hits you!!
Ouch! That really hurt!
You die...

...#....#........
..#..............
..#................. #
.....#.##..........# .##.
.....#.#...........##...K
.....###........# ...D...
##....#.........# .......
#........#......##.......
#...............@#.......
.................DK..#
.........................
#..<.....................
###...........##.........
####.......####........
#.##....# #........ ##
#...## #........ ##.##
#........


You could see a steam dragon (catching breath) and a kobold.

Vanquished Creatures
  A bombardier beetle (D:3)
  An adder (D:2)
  2 dart slugs (D:1)
  2 ribbon worms (D:2)
  An orc (D:4)
  5 endoplasms
  4 giant cockroaches
  6 goblins
  4 hobgoblins
  2 jackals (D:2)
  3 kobolds (D:2)
  3 quokkas
  5 ball pythons
  4 bats
  4 rats
47 creatures vanquished.

Notes
Turn   | Place    | Note
-------+----------+-------------------------------------------
     0 | D:1      | Dalarin the Spriggan Enchanter began the quest for the Orb.
     0 | D:1      | Reached XP level 1. HP: 9/9 MP: 5/5
   275 | D:1      | Reached XP level 2. HP: 14/14 MP: 6/6
   635 | D:1      | Learned a level 2 spell: Ensorcelled Hibernation
   796 | D:3      | Reached XP level 3. HP: 11/17 MP: 8/8
   957 | D:3      | Learned a level 3 spell: Confusing Touch
  1057 | D:3      | Reached skill level 1 in Fighting
  1057 | D:3      | Reached skill level 5 in Stealth
  1275 | D:3      | Reached XP level 4. HP: 22/22 MP: 9/9
  1439 | D:2      | Gained mutation: You are resistant to electric shocks.
                  | (rElec) [potion of mutation]
  1439 | D:2      | Gained mutation: You are partially covered in iridescent
                  | scales. (AC +2) [potion of mutation]
  2047 | D:4      | Noticed Natasha
  2047 | D:4      | Identified the +1 helmet of Ewnufeimo {Rampage}
  2047 | D:4      | Noticed Robin
  2126 | D:3      | Learned a level 3 spell: Tukima's Dance
  2221 | D:4      | Noticed a steam dragon
  2229 | D:4      | Killed from afar by a steam dragon

Illustrated notes

Levels and vault maps discovered:
D:1:      lemuel_arrival_tunnels, layout_basic
D:2:      wander_river, layout_rooms, kennysheep_boxes
D:3:      layout_basic
D:4:      layout_cave_pools, minmay_temple_entry_mini_moons,
          grunt_decor_clamped, abandoned_shop, minmay_shop_grid_forest,
          minmay_pentangle, uniq_natasha, uniq_robin

Skill      XL: |  1  2  3  4 |
---------------+-------------+-----
Dodging        | 3 |  3.4
Spellcasting   | 3 |  3.4
Fighting       | 1 |  1.2
Stealth        | 5 |  5.2
Hexes          | 4 |  4.2
Short Blades   | 2 |  2.0

Action                     |  1- 3 |  4- 6 || total
---------------------------+-------+-------++-------
  Melee: Dagger            |    89 |    77 ||   166
         Punch             |     2 |       ||     2
   Cast: Ensorcelled Hiber |     2 |     3 ||     5
         Confusing Touch   |       |     5 ||     5
    Use: Scroll            |     2 |     4 ||     6
         Potion            |     2 |     1 ||     3
   Stab: Sleeping          |    11 |     5 ||    16
         Confused          |       |     3 ||     3
 Armour: Robe              |    22 |    25 ||    47
  Dodge: Dodged            |    55 |    57 ||   112
